 Dungeon Crawl Stone Soup version 0.27.1-33-g824d729ab1 (webtiles) character file.

Game seed: 16044277467744156022

7235 belegose the Skirmisher (level 11, -23/81 HPs)
             Began as a Djinni Artificer on Dec 5, 2021.
             Was an Initiate of Gozag.
             Killed from afar by an ice dragon (54 damage)
             ... with a blast of cold
             ... on level 11 of the Dungeon.
             The game lasted 00:50:17 (13223 turns).

belegose the Skirmisher (Djinni Artificer)         Turns: 13223, Time: 00:50:19

Health: -23/81     AC:  6    Str: 22    XL:     11   Next: 33%
Gold:   410        EV: 14    Int: 18    God:    Gozag SH:  5 Dex: 13

rFire    + + .     SeeInvis .   a - +6 hand axe of Grand Tender Mercy {vorpal, Str+8}
rCold    x . .     Faith    .   r - +0 buckler
rNeg     . . .     Spirit   .   j - +0 leather armour
rPois    ∞         Reflect  .   z - +0 helmet
rElec    .         Harm     .   f - +1 cloak {rPois}
rCorr    .         Rampage  .   (no gloves)
Will     +....                  (boots unavailable)
Stlth    ++++......             (no amulet)
HPRegen  1.23/turn              (no ring)
MPRegen  0.00/turn              (no ring)

@: flying
A: sickness immunity, fire resistance 2, cold vulnerability 1, float, innate
caster, hp casting, extra vitality 1, camouflage 1, clever 1, regeneration 1,
strong 1
a: Renounce Religion, Potion Petition, Call Merchant, Bribe Branch


You were on level 11 of the Dungeon.
You worshipped Gozag.
Gozag was aware of your devotion.
You visited 2 branches of the dungeon, and saw 12 of its levels.

You collected 1268 gold pieces.
You spent 543 gold pieces at shops.
You paid 315 gold pieces to Gozag.

Inventory:

Hand Weapons
 a - the +6 hand axe of Grand Tender Mercy (weapon) {vorpal, Str+8}
   (You found it on level 4 of the Dungeon)

   It inflicts extra damage upon your enemies.
   Str:       It affects your strength (+8).
 b - a +2 spear of venom
 w - a +1 trident of protection
Missiles
 k - 351 stones
 n - 33 poisoned darts (quivered)
 u - 7 boomerangs
Armour
 f - a +1 cloak of poison resistance (worn)
 j - a +0 leather armour (worn)
 r - a +0 buckler (worn)
 z - a +0 helmet (worn)
Jewellery
 g - a ring of positive energy
Wands
 c - a wand of flame (4)
 d - a wand of charming (10)
 C - a wand of polymorph (5)
Scrolls
 i - 5 scrolls of blinking
 l - a scroll of identify
 s - 3 scrolls of teleportation
 x - 2 scrolls of fear
 y - a scroll of magic mapping
 A - a scroll of summoning
 E - a scroll of holy word
Potions
 h - a potion of cancellation
 m - 2 potions of mutation
 p - 2 potions of brilliance
 q - 4 potions of curing
 v - 2 potions of resistance
Miscellaneous
 e - a piece from Xom's chessboard (1/15)


   Skills:
 + Level 7.8 Fighting
 - Level 4.0 Axes
 - Level 4.3 Armour
 + Level 7.3 Dodging
 + Level 7.0 Stealth
 - Level 4.0 Shields
 + Level 5.9 Spellcasting
 - Level 3.0 Evocations


You had 7 spell levels left.
You knew the following spells:

 Your Spells              Type           Power      Damage    Failure   Level
a - Foxfire               Conj/Fire      100%       2x1d9     1%          1
b - Wereblood             Tmut           26%        N/A       1%          2
c - Static Discharge      Conj/Air       26%        N/A       1%          2
d - Animate Dead          Necr           13%        N/A       12%         4
e - Silence               Hex/Air        13%        N/A       34%         5
Your spell library was empty.

Dungeon Overview and Level Annotations

Branches:
Dungeon (11/15)            Temple (1/1) D:6            Lair (0/6) D:9
    Orc (0/2) D:11

Altars:
Ashenzari
Cheibriados
Dithmenos
Gozag
Hepliaklqana
Kikubaaqudgha
Nemelex Xobeh
Okawaru
Qazlal
Ru
Sif Muna
Uskayaw
Wu Jian
Xom
Yredelemnul
The Shining One

Shops:
D:6 :   D:9 ?

Portals:
Ice
Cave: D:11

Annotations:
D:3 exclusion: ice beast
D:7 2 runed translucent doors, exclusion: orange crystal statue
D:9 1 runed translucent door, exclusions: door and 2 two-headed ogres, TheCrusader's ghost, novice MiBe
D:10 1 runed translucent door, exclusion: door, Icepheonix32's ghost, journeyman OpCj


Innate Abilities, Weirdness & Mutations

You are immune to sickness and miasma.
You are immune to poison.
Your flesh is very heat resistant. (rF++)
You are vulnerable to cold. (rC-)
You float through the air rather than walking.
You learn spells naturally, not from books.
Your magical power is your life essence.
You have superior vitality. (+4 HP)
Your skin changes colour to match your surroundings (Stealth+).
Your mind is acute. (Int +2)
Your natural rate of healing is unusually fast.
Your muscles are strong. (Str +2)


Message History

The polar bear goes berserk!
Your ice dragon bites the polar bear!
Your ice dragon claws the polar bear!
The polar bear dies!
What are your orders? t - Shout!
Orders for allies: a - Attack new target. r - Retreat! s - Stop attacking. g - Guard the area. f - Follow me.
Anything else - Cancel.
Retreat in which direction?
Press: ? - help, Dir - move target Fall back!
The ice dragon is no longer charmed.
There is a stone staircase leading up here.
What are your orders? t - Shout!
Orders for allies: a - Attack new target. r - Retreat! s - Stop attacking. g - Guard the area. f - Follow me.
Anything else - Cancel.
You shout for attention!
You hear a deafening roar!
You hear a howl!
You make a move on Xom's chessboard...
The ice dragon seems to speed up.
You hear a bellow!
You make a move on Xom's chessboard...
The ice dragon easily resists.
The ice dragon bites you but does no damage.
You block the ice dragon's attack. The ice dragon tramples you!
You are shoved backwards!
The ice dragon breathes frost at you. The blast of cold hits you!!!
You feel a terrible chill!
You make a move on Xom's chessboard...
The ice dragon twists and deforms.
The ice dragon closely misses you. The ice dragon claws you.
The ice dragon tramples you.
You are shoved backwards!
You make a move on Xom's chessboard...
The ice dragon is outlined in light.
The ice dragon misses you. You block the ice dragon's attack.
The ice dragon tramples you but does no damage.
The ice dragon breathes frost at you. The blast of cold hits you!!!
You feel a terrible chill!
Ouch! That really hurt!
You die...
Your body crumbles into a pile of gold.

***,,,,,,,,,**,*
**,,,,*,,,**,**.##
,,,*,*,,,,,,,,,..#
,,*,,*,**,,,,,,#.#
,,,,**,**,*,,,,#.#
.,***,,**,*,,,,#.#
.,,,,,***,*,,,,#.#
.,,,,,,,,..#####.######
.,*******.......@D<...#
.,,,,****######....##.#
.,**,,,* #****#######$#
.,,,,****#..,*##* ##D#
#***,,,**....Y#h####..#
******..∩..hhD.#.###
*.....h###.## *#...#,*
### ###****


You could see an ice dragon (fast, catching breath, misshapen, corona).

Vanquished Creatures
  A two-headed ogre (D:9)
  Pikel (D:4)
  Joseph (D:6)
  A kobold demonologist (D:6)
  A troll (D:9)
  Prince Ribbit (D:5)
  Grinder (D:6)
  Sigmund (D:6)
  2 shadows
  2 wyverns
  A steam dragon (D:9)
  2 basilisks (D:9)
  2 water moccasins
  Duvessa (D:7)
  2 orc warriors
  3 sky beasts
  An ice beast (D:6)
  A black bear (D:8)
  2 necrophages (D:5)
  2 ogres
  A wolf (D:11)
  4 lemures (D:3)
  2 centaurs
  A bullfrog (D:7)
  2 kobold brigands
  A gnoll sergeant (D:6)
  3 scorpions
  Dowan (D:7)
  A water moccasin skeleton (D:4)
  10 killer bees
  4 wights
  A howler monkey (D:10)
  3 electric eels (D:10)
  2 hounds (D:7)
  A centaur zombie (D:8)
  2 centaur skeletons
  7 orc priests
  A bullfrog skeleton (D:6)
  An iguana (D:5)
  7 orc wizards
  A killer bee zombie (D:8)
  A hound zombie (D:5)
  A howler monkey zombie (D:9)
  7 gnolls
  8 adders
  3 worms
  3 dart slugs
  34 orcs
  5 bats
  4 endoplasms
  A giant cockroach (D:4)
  4 goblins
  5 hobgoblins
  4 jackals (D:5)
  2 quokkas
  5 ball pythons
  2 frilled lizards
  15 kobolds
  3 rats (D:1)
192 creatures vanquished.

Vanquished Creatures (collateral kills)
  A polar bear (D:11)
  A wolf (D:11)
  An orc (D:4)
3 creatures vanquished.

Vanquished Creatures (others)
  An orc wizard (D:4)
  A kobold (D:1)
  80 foxfires
82 creatures vanquished.

Grand Total: 277 creatures vanquished

Notes
Turn   | Place    | Note
-------+----------+-------------------------------------------
     0 | D:1      | belegose the Djinni Artificer began the quest for the Orb.
     0 | D:1      | Reached XP level 1. HP: 17/17 MP: 0/0
   213 | D:1      | Reached skill level 1 in Stealth
   215 | D:1      | Reached XP level 2. HP: 11/22 MP: 0/0
  1039 | D:2      | Found a faded altar of an unknown god.
  1163 | D:2      | Reached XP level 3. HP: 27/27 MP: 0/0
  1163 | D:2      | Learned a level 1 spell: Foxfire
  1696 | D:2      | Reached skill level 1 in Spellcasting
  2055 | D:3      | Found a snail-covered altar of Cheibriados.
  2129 | D:3      | Reached XP level 4. HP: 30/33 MP: 0/0
  2562 | D:3      | Reached XP level 5. HP: 35/38 MP: 0/0
  2562 | D:3      | Learned a level 2 spell: Wereblood
  2730 | D:3      | Noticed an ice beast
  3514 | D:4      | Found an iron altar of Okawaru.
  4203 | D:4      | Reached XP level 6. HP: 38/45 MP: 0/0
  4268 | D:4      | Identified the +6 hand axe of Grand Tender Mercy {vorpal,
                  | Str+8}
  4865 | D:4      | Noticed an ogre
  4906 | D:4      | Gained mutation: Your natural rate of healing is unusually
                  | fast. [potion of mutation]
  4906 | D:4      | Gained mutation: Your muscles are strong. (Str +2) [potion
                  | of mutation]
  4906 | D:4      | Gained mutation: Your skin changes colour to match your
                  | surroundings (Stealth+). [potion of mutation]
  4906 | D:4      | Gained mutation: Your mind is acute. (Int +2) [potion of
                  | mutation]
  5379 | D:4      | Killed an ogre
  5391 | D:4      | Noticed Pikel
  5429 | D:4      | Killed Pikel
  5430 | D:4      | Reached XP level 7. HP: 34/51 MP: 0/0
  5430 | D:4      | Learned a level 2 spell: Static Discharge
  5430 | D:4      | Reached XP level 8. HP: 38/58 MP: 0/0
  5627 | D:5      | Entered Level 5 of the Dungeon
  6063 | D:5      | Found a hide-covered altar of Uskayaw.
  6101 | D:5      | Found a sparkling altar of Nemelex Xobeh.
  6101 | D:5      | Found an opulent altar of Gozag.
  6635 | D:5      | Became a worshipper of Gozag Ym Sagoz the Greedy
  6764 | D:6      | Noticed Grinder
  6802 | D:6      | Noticed Sigmund
  6816 | D:6      | Killed Sigmund
  6817 | D:6      | Reached XP level 9. HP: 64/64 MP: 0/0
  6817 | D:6      | Learned a level 4 spell: Animate Dead
  6871 | D:6      | Noticed Prince Ribbit
  6939 | D:5      | Killed Prince Ribbit
  6940 | D:5      | Reached skill level 5 in Fighting
  7007 | D:6      | Noticed a kobold demonologist
  7093 | D:6      | Killed a kobold demonologist
  7217 | D:6      | Found an ornate altar of the Wu Jian Council.
  7361 | D:6      | Reached skill level 5 in Stealth
  7495 | D:6      | Found Miclarum's Book Emporium.
  7663 | D:6      | Killed Grinder
  7917 | D:6      | Found a staircase to the Ecumenical Temple.
  7933 | Temple   | Entered the Ecumenical Temple
  8133 | D:6      | Found a broken altar of Ashenzari.
  8306 | D:7      | Noticed Joseph
  8308 | D:7      | Reached XP level 10. HP: 72/72 MP: 0/0
  8358 | D:7      | Noticed Dowan
  8406 | D:6      | Killed Joseph
  8407 | D:6      | Reached skill level 5 in Dodging
  8554 | D:7      | Found a runed translucent door.
  8554 | D:7      | Noticed an orange crystal statue
  8554 | D:7      | Found the +10 tower shield of Ignorance {rN+ Int-4}
  8584 | D:7      | Found a runed translucent door.
  8618 | D:7      | Noticed Duvessa
  8739 | D:7      | Killed Duvessa
  8741 | D:7      | Killed Dowan
  9270 | D:7      | Reached skill level 5 in Spellcasting
  9682 | D:8      | Noticed a manticore
  9684 | D:8      | Noticed an efreet
  9686 | D:8      | Noticed a skeletal warrior
  9688 | D:8      | Noticed a centaur warrior
  9734 | D:8      | Noticed a centaur warrior
  9925 | D:8      | Found a shimmering altar of Xom.
 10623 | D:9      | Found Zonolymm's Magic Scroll Boutique.
 10628 | D:9      | Found a glowing golden altar of the Shining One.
 10658 | D:9      | Bought a scroll of immolation for 38 gold pieces
 10658 | D:9      | Bought 2 scrolls of enchant weapon for 165 gold pieces
 10658 | D:9      | Bought a scroll of noise for 11 gold pieces
 10658 | D:9      | Bought a scroll of enchant armour for 82 gold pieces
 10658 | D:9      | Bought a scroll of teleportation for 33 gold pieces
 10658 | D:9      | Bought a scroll of holy word for 82 gold pieces
 10658 | D:9      | Bought a scroll of identify for 22 gold pieces
 10658 | D:9      | Bought 2 scrolls of identify for 44 gold pieces
 10658 | D:9      | Bought 3 scrolls of identify for 66 gold pieces
 10705 | D:9      | Found a runed translucent door.
 10705 | D:9      | Noticed TheCrusader's ghost (novice MiBe)
 10776 | D:9      | Noticed a two-headed ogre
 10791 | D:9      | Noticed a two-headed ogre
 10937 | D:9      | Found a staircase to the Lair.
 10938 | D:9      | Noticed an elephant
 11506 | D:9      | Killed a two-headed ogre
 11507 | D:9      | Reached XP level 11. HP: 80/80 MP: 0/0
 11507 | D:9      | Learned a level 5 spell: Silence
 11536 | D:10     | Entered Level 10 of the Dungeon
 11829 | D:10     | Found a hazy altar of Hepliaklqana.
 11848 | D:10     | Found Qoogunech's Antique Weapon Boutique.
 11862 | D:10     | Identified the +1 leather armour of the Lair of Beasts
                  | {Harm Regen+}
 11872 | D:10     | Reached skill level 1 in Shields
 12423 | D:10     | Found a shadowy altar of Dithmenos.
 12680 | D:10     | Found a runed translucent door.
 12682 | D:10     | Noticed Icepheonix32's ghost (journeyman OpCj)
 12722 | D:10     | Found a basalt altar of Yredelemnul.
 12885 | D:10     | Found a sacrificial altar of Ru.
 12885 | D:10     | Found a stormy altar of Qazlal.
 13124 | D:11     | Noticed an orc knight
 13124 | D:11     | Noticed a green ugly thing
 13144 | D:11     | Found a frozen archway.
 13146 | D:11     | Noticed an ice dragon
 13223 | D:11     | Killed from afar by an ice dragon

Illustrated notes

Levels and vault maps discovered:
D:1:      onia_arrival_mini_maze, layout_basic
D:2:      layout_basic, basic_ecumenical_altar
D:3:      layout_basic, old_standard_altar, chequers_avenue,
          kennysheep_generic_room_2
D:4:      layout_rooms, okawaru_ov_weapons_minmay, uniq_pikel
D:5:      layout_loops_ring, grunt_temple_overflow_opulence,
          nicolae_uskayaw_murder_on_the_dancefloor
D:6:      layout_basic, nicolae_overflow_hidden_temple,
          mainiacjoe_overflow_alcove_1, minmay_temple_entry_offerings,
          serial_shops, shop, kennysheep_small_circle, uniq_prince_ribbit1,
          uniq_sigmund, uniq_grinder
D:7:      layout_basic, dk_noncrumbling_4, nrook_mini_vaults,
          chequers_guarded_unrand_ignorance, uniq_joseph, uniq_duvessa
D:8:      layout_basic, lemuel_doored_altar, onia_ninara_dug_in_and_dangerous
D:9:      layout_irregular_city, mainiacjoe_overflow_paths,
          mainiacjoe_overflow_catwalk, david_lair_generic,
          hellmonk_ghost_happy_afterlife, serial_shops,
          nicolae_shop_temple_entry_statues_fountains
D:10:     layout_long_grid, lemuel_tele_altar,
          mainiacjoe_overflow_cross_hatched, mainiacjoe_overflow_alcove_4,
          nicolae_dithmenos_through_a_glass_darkly,
          gammafunk_temple_overflow_pools, serial_shops,
          nicolae_inconvenience_store, ebering_ghost_inner_flame,
          grunt_decor_mini_mirrors
D:11:     layout_rooms, orc_0_dummy, special_room [special_room_orc],
          portal_ice_cave_entry_animals_and_master, serial_undead,
          serial_undead_c, serial_undead_e, serial_undead_a, serial_undead_a,
          serial_undead_d, serial_undead_b
Temple:   corrupted_temple

Skill      XL: |  1  2  3  4  5  6  7  8  9 10 11 |
---------------+----------------------------------+-----
Stealth        | 1 2 3 4 5 6 7 |  7.0
Spellcasting   | 1 2 3 4 5 |  5.9
Dodging        | 3 4 7 |  7.3
Fighting       | 2 3 4 6 7 |  7.8
Axes           | 2 3 4 |  4.0
Armour         | 2 4 |  4.3
Shields        | 4 |  4.0
Evocations     | |  3.0

Action                   |  1- 3 |  4- 6 |  7- 9 | 10-12 || total
-------------------------+-------+-------+-------+-------++-------
Melee: Club              |    21 |       |       |       ||    21
       Quarterstaff      |    62 |    70 |       |       ||   132
       Dagger            |     2 |       |       |       ||     2
       Hand axe          |       |    60 |   138 |   264 ||   462
       Spear             |       |       |       |    82 ||    82
Throw: Boomerang         |       |    11 |       |       ||    11
       Dart              |       |     4 |    27 |     8 ||    39
 Cast: Foxfire           |       |    11 |    17 |    17 ||    45
       Static Discharge  |       |       |       |     1 ||     1
Invok: Potion Petition   |       |       |       |     1 ||     1
Evoke: Wand              |     3 |     5 |     2 |     6 ||    16
       Piece from Xom's  |       |     9 |    18 |     5 ||    32
  Use: Potion            |       |     4 |       |     2 ||     6
       Scroll            |       |       |     3 |    10 ||    13
 Stab: Sleeping          |     1 |     2 |     3 |     7 ||    13
       Petrified         |       |       |     5 |       ||     5
       Distracted        |       |       |     1 |     3 ||     4
Armor: Leather armour    |    31 |    26 |    26 |    72 ||   155
Dodge: Dodged            |    65 |   108 |    78 |   286 ||   537
Block: Buckler           |       |       |       |    36 ||    36
